 Dungeon Crawl Stone Soup version 0.27-a0-279-gdfb9265905 (webtiles) character file.

Game seed: 8090534201085900631

10364 namelastname112 the Covert (level 11, -5/95 HPs)
             Began as a Black Draconian Delver on Feb 7, 2021.
             Was a High Priest of Dithmenos.
             Slain by a boulder beetle (27 damage)
             ... on level 10 of the Dungeon.
             The game lasted 00:16:12 (13216 turns).

namelastname112 the Covert (DrDe)                  Turns: 13216, Time: 00:16:12

Health: -5/95      AC: 10    Str: 15    XL:     11   Next: 35%
Magic:  12/12      EV: 17    Int: 10    God:    Dithmenos [*****.]
Gold:   553        SH:  6    Dex: 19    Spells: 10/10 levels left

rFire    + + .     SeeInvis .   y - +5 short sword (elec)
rCold    . . .     Faith    .   v - +0 buckler {rPois}
rNeg     . . .     Spirit   .   (armour unavailable)
rPois    +         Reflect  .   (helmet restricted)
rElec    +         Harm     .   m - +1 cloak
rCorr    +         Rampage  .   o - +0 pair of gloves
Will     .....                  (no boots)
Stlth    +++++++...             (no amulet)
HPRegen  0.25/turn              j - ring of protection from fire
MPRegen  0.13/turn              u - ring "Susioho" {rF+ rCorr Dex+3}

@: short of breath, wreathed by umbra
A: breathe lightning, unfitting armour, electricity resistance, cold-blooded, AC
+7
a: Breathe Lightning, Renounce Religion, Shadow Step, Shadow Form


You were on level 10 of the Dungeon.
You worshipped Dithmenos.
Dithmenos was extremely pleased with you.
You visited 2 branches of the dungeon, and saw 12 of its levels.

You collected 1767 gold pieces.
You spent 1214 gold pieces at shops.

Inventory:

Hand Weapons
 x - a +0 dagger of venom
 y - a +5 short sword of electrocution (weapon)
 z - a +4 dagger of chaos
 D - the +6 long sword "Todoryad" {protect, +Rage Dex-4 Stlth+}
   (You found it on level 10 of the Dungeon)

   It grants its wielder temporary protection when it strikes (+7 to AC).
   It affects your dexterity (-4).
   It lets you go berserk.
   It makes you more stealthy.
Missiles
 p - 9 javelins (quivered)
 C - a throwing net
 E - 8 silver javelins
Armour
 m - a +1 cloak (worn)
 o - a +0 pair of gloves (worn)
 v - a +0 buckler of poison resistance (worn)
Jewellery
 j - a ring of protection from fire (left hand)
 u - the ring "Susioho" (right hand) {rF+ rCorr Dex+3}
   (You acquired it on level 7 of the Dungeon)

   [ring of resist corrosion]

   It affects your dexterity (+3).
   It protects you from fire.
   It provides partial protection from all sources of acid and corrosion.
Wands
 f - a wand of digging (9)
 n - a wand of polymorph (17)
 t - a wand of flame (10)
 w - a wand of acid (1)
 B - a wand of charming (7)
Scrolls
 b - 2 scrolls of fog
 c - 3 scrolls of magic mapping
 d - 3 scrolls of fear
 g - 8 scrolls of remove curse
 h - 2 scrolls of enchant armour
 i - 3 scrolls of identify
 l - 3 scrolls of teleportation
 r - a scroll of enchant weapon
Potions
 a - a potion of cancellation
 e - 3 potions of haste
 k - 2 potions of curing
 q - a potion of invisibility
 s - 2 potions of might
 A - a potion of resistance


   Skills:
 + Level 8.6 Fighting
 * Level 7.1(8.0) Short Blades
 - Level 5.6(7.2) Long Blades
 + Level 6.2 Throwing
 + Level 6.9 Dodging
 + Level 8.7 Stealth
 + Level 5.6 Shields
 + Level 2.4 Invocations


You had 10 spell levels left.
You didn't know any spells.
Your spell library was empty.

Dungeon Overview and Level Annotations

Branches:
Dungeon (11/15)            Temple (1/1) D:5            Lair (0/6) D:9
    Orc (0/2) D:10

Altars:
Ashenzari
Cheibriados
Dithmenos
Elyvilon
Fedhas
Gozag
Hepliaklqana
Kikubaaqudgha
Makhleb
Nemelex Xobeh
Okawaru
Qazlal
Ru
Sif Muna
Trog
Uskayaw
Vehumet
Wu Jian
Xom
Yredelemnul
Zin
The Shining One

Shops:
D:7 *   D:8 (   D:10 (


Innate Abilities, Weirdness & Mutations

You can breathe wild blasts of lightning.
Your glossy black scales are hard. (AC +7)
You cannot fit into any form of body armour.
You are resistant to electric shocks. (rElec)
You are cold-blooded and may be slowed by cold attacks.


Message History

Your +5 short sword of electrocution stops crackling!
Your +0 dagger of venom begins to drip with poison!!!
x - a +0 dagger of venom (weapon)
You spit the boulder beetle like a pig!
The boulder beetle is poisoned!
The boulder beetle is moderately wounded!
The boulder beetle completely misses you!
You skewer the boulder beetle but do no damage!
The boulder beetle is moderately wounded!
Your shadow hits the boulder beetle but does no damage!
The boulder beetle bites you!!! * * * don't die
* * * You take 12 damage, and have 21/95 hp!
Your +0 dagger of venom stops dripping with poison!
You hear the crackle of electricity!
y - a +5 short sword of electrocution (weapon)
You stick the boulder beetle but do no damage!
You tail-slap the boulder beetle, but do no damage!
The boulder beetle is heavily wounded!
The boulder beetle bites you!!!!!! rip

....##.###.....# #((........####
....##...#.#.######°######.#.####
######.###........(°..# #...)...
#.###...##...°...# #....###
#.........(.B....####......#
########.#.......##.........
##.#.########.#....... #...(..#
#....<.####. #...B@.#
#..#...)....
#......####......#....
#####......#........##.#..
#.....<....#...#.#..##.#..
#.##.#...............#.#..
#.##...##....(....>###.#..
###.##.####............#.#..
#.................>.......##
#...##.##....#........######


You could see a boulder beetle (very poisoned, corroded).

Vanquished Creatures
  Harold (D:9)
  A two-headed ogre (D:8)
  3 manticores
  Joseph (D:8)
  Psyche (D:11)
  A kobold demonologist (D:10)
  A troll (D:11)
  11 yaks
  A wraith (D:10)
  3 vampire mosquitoes (D:8)
  Edmund (D:4)
  A water moccasin (D:8)
  2 black bears
  An orc warrior (D:10)
  3 sky beasts
  An ice beast (D:8)
  4 ogres
  5 centaurs
  2 phantoms
  2 big kobolds
  5 bullfrogs
  A gnoll sergeant (D:7)
  3 scorpions
  5 killer bees
  4 howler monkeys
  9 wights (D:8)
  A centaur zombie (D:7)
  5 hounds
  A quasit (D:11)
  2 bullfrog skeletons
  7 jellies
  Crazy Yiuf (D:3)
  5 orc priests
  A centaur skeleton (D:6)
  5 iguanas
  6 orc wizards
  6 worker ants
  A hound skeleton (D:3)
  Robin (D:3)
  3 gnolls (D:7)
  16 adders
  3 shadow imps
  3 white imps
  2 ufetubi
  4 oozes
  2 adder zombies
  An adder skeleton (D:7)
  2 worms (D:4)
  3 dart slugs
  8 leopard geckos
  45 orcs
  7 giant cockroaches
  13 goblins
  13 hobgoblins
  11 jackals
  10 kobolds
  4 quokkas
  3 ball pythons
  9 bats
  6 frilled lizards
  A giant cockroach zombie (D:6)
  A jackal skeleton (D:6)
  A jackal zombie (D:6)
  2 quokka skeletons
  A quokka zombie (D:6)
  10 rats
299 creatures vanquished.

Vanquished Creatures (others)
  An orc (D:8)
  A goblin (D:3)
  5 fungi (D:9)
  5 plants (D:9)
12 creatures vanquished.

Grand Total: 311 creatures vanquished

Notes
Turn   | Place    | Note
-------+----------+-------------------------------------------
     0 | D:5      | namelastname112 the Draconian Delver began the quest for
                  | the Orb.
     0 | D:5      | Reached XP level 1. HP: 19/19 MP: 1/1
    22 | D:5      | Found a staircase to the Ecumenical Temple.
    36 | Temple   | Entered the Ecumenical Temple
   241 | Temple   | Became a worshipper of Dithmenos the Shadowed
   264 | D:5      | Noticed a worker ant
   264 | D:5      | Noticed a jelly
   286 | D:5      | Killed a worker ant
   287 | D:5      | Reached XP level 2. HP: 24/27 MP: 2/2
   299 | D:5      | Reached XP level 3. HP: 20/33 MP: 3/3
   546 | D:3      | Reached XP level 4. HP: 37/40 MP: 4/4
   632 | D:3      | Noticed Robin
   718 | D:3      | Reached skill level 5 in Stealth
   778 | D:3      | Reached * piety under Dithmenos
  1418 | D:3      | Found a blossoming altar of Fedhas.
  1418 | D:3      | Found a hazy altar of Hepliaklqana.
  1419 | D:3      | Found a snail-covered altar of Cheibriados.
  1484 | D:3      | Found a runed translucent door.
  1485 | D:3      | Noticed Crazy Yiuf
  1577 | D:2      | Reached XP level 5. HP: 46/46 MP: 5/5
  2021 | D:2      | Reached ** piety under Dithmenos
  3542 | D:3      | Killed Robin
  3778 | D:3      | Reached *** piety under Dithmenos
  4014 | D:3      | Reached skill level 1 in Throwing
  4018 | D:3      | Reached XP level 6. HP: 36/53 MP: 6/6
  4403 | D:3      | Killed Crazy Yiuf
  5024 | D:4      | Noticed Edmund
  5046 | D:4      | Killed Edmund
  5047 | D:4      | Reached skill level 5 in Fighting
  5047 | D:4      | Your scales start taking on a glossy black colour.
  5047 | D:4      | Reached XP level 7. HP: 59/61 MP: 7/7
  5047 | D:4      | Gained mutation: You are resistant to electric shocks.
                  | (rElec) [Black Draconian growth]
  6041 | D:5      | Found a sacrificial altar of Ru.
  6613 | D:5      | Reached **** piety under Dithmenos
  6874 | D:6      | Reached XP level 8. HP: 70/70 MP: 8/8
  7242 | D:6      | Reached skill level 5 in Long Blades
  7366 | D:6      | Identified a scroll of acquirement
  7366 | D:6      | Acquired 1086 gold pieces
  7542 | D:7      | Found an ancient bone altar of Kikubaaqudgha.
  7553 | D:7      | Reached skill level 1 in Shields
  7810 | D:7      | Reached skill level 5 in Dodging
  7860 | D:6      | Reached XP level 9. HP: 19/78 MP: 9/9
  8262 | D:7      | Found Cofad's General Store.
  8265 | D:7      | Bought a scroll of acquirement for 780 gold pieces
  8265 | D:7      | Bought a +0 buckler of poison resistance for 127 gold
                  | pieces
  8265 | D:7      | Acquired the ring "Susioho" {rF+ rCorr Dex+3}
  8380 | D:7      | Found a glowing silver altar of Zin.
  8413 | D:7      | Reached skill level 1 in Short Blades
  8780 | D:8      | Noticed a manticore
  8791 | D:8      | Noticed a manticore
  8795 | D:8      | Killed a manticore
  8884 | D:8      | Killed a manticore
  9134 | D:8      | Reached ***** piety under Dithmenos
  9137 | D:8      | HP: 1/79 [vampire mosquito (10)]
  9141 | D:8      | Reached XP level 10. HP: 9/86 MP: 10/10
  9561 | D:8      | Noticed a two-headed ogre
  9563 | D:8      | Killed a two-headed ogre
  9564 | D:8      | Reached skill level 5 in Throwing
  9660 | D:8      | Noticed Joseph
  9672 | D:8      | Killed Joseph
  9674 | D:8      | Reached skill level 5 in Short Blades
 10380 | D:8      | Found Bicrojic's Weapon Shoppe.
 11127 | D:9      | Noticed a manticore
 11134 | D:9      | Killed a manticore
 11265 | D:9      | Noticed Harold
 11272 | D:9      | Killed Harold
 11273 | D:9      | Reached skill level 5 in Shields
 11273 | D:9      | Reached skill level 1 in Invocations
 11490 | D:9      | Found a staircase to the Lair.
 11976 | D:10     | Entered Level 10 of the Dungeon
 12025 | D:10     | Reached XP level 11. HP: 95/95 MP: 11/11
 12418 | D:10     | Got an iridescent long sword
 12419 | D:10     | Identified the +6 long sword "Todoryad" {protect, +Rage
                  | Dex-4 Stlth+} (You found it on level 10 of the Dungeon)
 12458 | D:10     | Found a staircase to the Orcish Mines.
 12476 | D:10     | Found Qiollen's Weapon Boutique.
 12479 | D:10     | Bought 8 silver javelins for 307 gold pieces
 12829 | D:11     | Noticed Psyche
 12832 | D:11     | Killed Psyche
 12921 | D:11     | Noticed a sixfirhy
 13132 | D:11     | Noticed a sun demon
 13140 | D:11     | Noticed a boulder beetle
 13216 | D:10     | Slain by a boulder beetle

Illustrated notes

Levels and vault maps discovered:
D:1:      psy_arrival_radial01, layout_basic
D:2:      layout_basic, minmay_randomly_rotated_circles
D:3:      layout_basic, gammafunk_temple_overflow_claw, glass_columns_b,
          st_stairs_12, kennysheep_generic_room_12, uniq_robin,
          uniq_crazy_yiuf_cottage
D:4:      layout_gridville, uniq_edmund
D:5:      layout_basic, nicolae_ru_sacrificial_ziggurat,
          minmay_temple_entry_stoned_glass
D:6:      layout_rooms
D:7:      layout_basic, kiku_gazebo_pond_becter, zin_scriptorium, serial_shops,
          kennysheep_mini_moat, palyth_stone_intersect
D:8:      minmay_ornate_pinched, layout_basic, serial_shops, shop,
          minmay_misc_feat_pillars, bh_walls_and_bars, uniq_joseph
D:9:      layout_basic, dpeg_oklobed_lair, uniq_harold
D:10:     layout_basic, orc_0_dummy, serial_shops, nicolae_shop_behind_doors,
          kennysheep_generic_room_13
D:11:     gammafunk_the_bubble [the_bubble_gammafunk_roulette],
          layout_gridville, uniq_snorg, uniq_psyche
Temple:   regret_index_temple_sphere_string

Skill      XL: |  1  2  3  4  5  6  7  8  9 10 11 |
---------------+----------------------------------+-----
Dodging        | 2 3 4 5 6 |  6.9
Fighting       | 4 5 6 7 8 |  8.6
Stealth        | 5 6 7 8 |  8.7
Long Blades    | 3 4 5 |  5.6
Throwing       | 1 2 3 4 5 6 |  6.2
Shields        | 2 3 5 |  5.6
Short Blades   | 4 6 7 |  7.1
Invocations    | 1 2 |  2.4

Action                   |  1- 3 |  4- 6 |  7- 9 | 10-12 || total
-------------------------+-------+-------+-------+-------++-------
Melee: Falchion          |    31 |   242 |       |       ||   273
       Tailslap          |     8 |    50 |    37 |    45 ||   140
       Dagger            |       |    59 |    29 |     2 ||    90
       Unarmed           |       |     1 |       |       ||     1
       Short sword       |       |       |   277 |   225 ||   502
Throw: Javelin           |       |     9 |       |    20 ||    29
Invok: Shadow Step       |       |       |       |     2 ||     2
 Abil: Breathe Lightning |       |       |     2 |     7 ||     9
Evoke: Wand              |       |       |     6 |     1 ||     7
  Use: Potion            |       |     5 |     2 |     1 ||     8
       Scroll            |       |       |    17 |     4 ||    21
 Stab: Sleeping          |     2 |    19 |    28 |    16 ||    65
       Distracted        |       |       |     1 |     1 ||     2
Armor: Skin              |    13 |    98 |    94 |    30 ||   235
Dodge: Dodged            |    32 |   253 |   297 |   158 ||   740
Block: Buckler           |       |       |    44 |    57 ||   101
       Rpst.: Falchion   |    12 |    55 |       |       ||    67

Table legend: (Time is in decaauts)
 A = Elapsed time spent in this place.
 B = Non-inter-level travel time spent in this place.
 C = Inter-level travel time spent in this place.
 D = Time resting spent in this place.
 E = Time spent auto-exploring this place.
 F = Levels seen in this place.
 G = Mean time per level.
                   A        B        C        D        E       F      G
               +--------+--------+--------+--------+--------+-----+--------+
         Total |  13179 |  12727 |    452 |   2592 |   8050 |  12 | 1098.2 |
       Dungeon |  12961 |  12552 |    409 |   2592 |   7877 |  11 | 1178.3 |
        Temple |    218 |    175 |     43 |      0 |    173 |   1 |  218.0 |
               +--------+--------+--------+--------+--------+-----+--------+

Top non-repeatable levels by time:
     D:3: 2391 daAuts
     D:8: 2040 daAuts
     D:4: 1249 daAuts
     D:5: 1138 daAuts
    D:10: 1087 daAuts
     D:9: 1066 daAuts
     D:6: 1058 daAuts
     D:1: 1045 daAuts
     D:7: 900 daAuts
     D:2: 866 daAuts
  Temple: 218 daAuts
    D:11: 117 daAuts
